 Dungeon Crawl Stone Soup version 0.19-a0-1568-gdd01aac (webtiles) character file.

25231 dvd the Tainter (level 13, 0/79 HPs)
             Began as an Octopode Venom Mage on Sept 15, 2016.
             Was a High Priest of Vehumet.
             Slain by a harpy (3 damage)
             ... summoned by Kirke
             ... on level 5 of the Lair of Beasts.
             The game lasted 01:06:32 (16767 turns).

dvd the Tainter (Octopode Venom Mage)              Turns: 16767, Time: 01:06:34

Health: 0/79       AC:  0    Str:  7    XL:     13   Next: 18%
Magic:  17/29      EV: 16    Int: 23    God:    Vehumet [*****.]
Gold:   701        SH:  0    Dex: 12    Spells: 8 memorised, 2 levels left

rFire  . . .     SeeInvis .     (weapon currently unavailable)
rCold  . . .     Gourm    .     (shield currently unavailable)
rNeg   . . .     Faith    .     (helmet currently unavailable)
rPois  .         Spirit   .     (no amulet)
rElec  .         Dismiss  .     (ring currently unavailable)
rCorr  .         Reflect  .     (ring currently unavailable)
MR     .....     Harm     .     (ring currently unavailable)
Stlth  +++.......               (ring currently unavailable)
                                (ring currently unavailable)
                                (ring currently unavailable)
                                (ring currently unavailable)
                                (ring currently unavailable)

@: pig-form, repel missiles, drained, very quick
A: almost no armour, stealthy swim, (amphibious), (8 rings), (constrict 8),
(camouflage 0), (gelatinous body 0)
a: Renounce Religion


You were on level 5 of the Lair of Beasts.
You worshipped Vehumet.
Vehumet was extremely pleased with you.
You were not hungry.
You were a filthy swine.
You visited 3 branches of the dungeon, and saw 14 of its levels.
You also visited: Ice Cave.

You collected 701 gold pieces.

Inventory:

Hand Weapons
 a - the +3 great sword of dvd's Slow Death (melded) {speed, rElec rF+}
   (You found it on level 2 of the Lair of Beasts)

   Attacks with this weapon are significantly faster.
   It protects you from fire.
   It insulates you from electricity.
 b - a +4 flail of draining
 e - a +2 trident of venom
 i - a +3 hand axe
 k - a +2 hand axe of freezing
 l - a +2 dagger of venom
 x - a +2 short sword of holy wrath
 M - a +1 great mace
 R - a +4 trident
 W - a +2 rapier of freezing
Armour
 o - a +1 large shield
Magical Staves
 Q - an uncursed staff of poison
Jewellery
 j - a ring of protection from cold (melded)
 t - a ring of wizardry (melded)
 u - a ring of magical power (melded)
 v - a ring of wizardry (melded)
 y - an uncursed amulet of faith
 G - a ring of see invisible (melded)
 J - an uncursed ring of flight
 K - a +5 ring of intelligence (melded)
 L - a +3 ring of protection (melded)
 N - a ring of resist corrosion (melded)
 O - an uncursed ring of ice
Wands
 s - a wand of digging (9/24)
 w - a wand of flame (43/48)
 z - a wand of iceblast (3/15)
 E - a wand of paralysis (12/24)
 H - a wand of random effects (30/48)
 I - a wand of lightning (4/15)
 P - a wand of digging (6/24)
 V - a wand of flame (22/48)
Scrolls
 f - a scroll of recharging
 g - 7 scrolls of remove curse
 p - 3 scrolls of identify
 F - 2 scrolls of enchant armour
Potions
 c - 2 potions of agility
 n - a potion of cancellation
 B - 2 potions of cure mutation
 C - a potion of might
 D - a potion of curing
Books
 h - a book of Death

   Spells                             Type                      Level
   a - Corpse Rot                     Necromancy                   2
   b - Sublimation of Blood           Necromancy                   2
   c - Agony                          Necromancy                   5
   d - Dispel Undead                  Necromancy                   5
   e - Excruciating Wounds            Charms/Necromancy            5
   f - Bolt of Draining               Conjuration/Necromancy       5
 r - a Young Poisoner's Handbook

   Spells                             Type                      Level
   a - Sting                          Conjuration/Poison           1
   b - Mephitic Cloud                 Conjuration/Poison/Air       3
   c - Olgreb's Toxic Radiance        Poison                       4
   d - Alistair's Intoxication        Transmutation/Poison         5
   e - Venom Bolt                     Conjuration/Poison           5
 A - a book of Air

   Spells                             Type                      Level
   a - Shock                          Conjuration/Air              1
   b - Swiftness                      Charms/Air                   2
   c - Repel Missiles                 Charms/Air                   2
   d - Static Discharge               Conjuration/Air              3
   e - Lightning Bolt                 Conjuration/Air              5
Miscellaneous
 S - a crystal ball of energy
Comestibles
 d - 3 meat rations
 m - 6 bread rations
 q - 11 fruits


   Skills:
 + Level 4.0(3.7) Fighting
 + Level 0.2(1.8) Short Blades
 + Level 3.4(3.1) Long Blades
 + Level 2.2(3.3) Axes
 + Level 4.2 Maces & Flails
 + Level 1.3(1.7) Polearms
 + Level 4.2(3.8) Dodging
 + Level 6.8(6.4) Stealth
 + Level 0.4(0.1) Unarmed Combat
 + Level 12.4(12.0) Spellcasting
 + Level 5.7(5.4) Conjurations
 + Level 0.2(0.0) Charms
 + Level 6.9(6.6) Necromancy
 + Level 1.3(1.0) Air Magic
 + Level 13.2(12.8) Poison Magic
 + Level 2.1(1.8) Evocations


You had 2 spell levels left.
You knew the following spells:

 Your Spells              Type           Power        Failure   Level  Hunger
a - Sting                 Conj/Pois      ####         1%          1    None
b - Olgreb's Toxic Radia  Pois           ######..     1%          4    None
c - Orb of Destruction    Conj           #####.....   94%         7    #######
d - Venom Bolt            Conj/Pois      ######....   1%          5    ####...
e - Repel Missiles        Chrm/Air       ###...       6%          2    None
f - Dispel Undead         Necr           #####...     10%         5    ####...
g - Bolt of Draining      Conj/Necr      #####.....   3%          5    ####...
h - Lightning Bolt        Conj/Air       ####......   11%         5    ####...


Dungeon Overview and Level Annotations

Branches:
Dungeon (8/15)             Temple (1/1) D:7            Lair (5/6) D:8
  Swamp (0/4) Lair:2       Spider (0/4) Lair:2
  Slime: Lair:5-6

Altars:
Ashenzari
Cheibriados
Dithmenos
Elyvilon
Fedhas
Gozag
Hepliaklqana
Kikubaaqudgha
Makhleb
Nemelex Xobeh
Okawaru
Qazlal
Ru
Sif Muna
Trog
Uskayaw
Vehumet
Xom
Yredelemnul
Zin
The Shining One

Annotations:
Lair:5 Kirke


Innate Abilities, Weirdness & Mutations

You cannot wear most types of armour.
You are very stealthy in the water.
((You are amphibious.))
((You can wear up to eight rings at the same time.))
((You can use your tentacles to constrict eight enemies at once.))
((Your skin changes colour to match your surroundings (Stealth+).))
((Your rubbery body absorbs attacks. (AC +1, EV +1)))


Message History

Kirke looks as sick as possible!
The harpy closely misses you. The harpy claws you!
The hog looks even sicker.
The harpy screeches!
The harpy claws you. The harpy misses you. The harpy barely misses you.
The harpy claws you!
Kirke shouts, "You pig!
I'll make you look the way you deserve."
Kirke looks as sick as possible!
The hog looks even sicker.
Your toxic aura wanes.
The harpy claws you!
The harpy claws you. x2; The harpy closely misses you.
The harpy misses you. The harpy closely misses you.
There is a stone staircase leading up here.
You see here 2 javelins.
The harpy screeches!
The harpy misses you. The harpy claws you!
* * * LOW HITPOINT WARNING * * *
The harpy claws you!!
* * * LOW HITPOINT WARNING * * *
The harpy claws you.
You die...

...........................
.o.P#......................
.....P............h(.......
....................h.....#
......###.PP......@......##
†....# #.###.PP.........#
.....# #.# ##P....#..#.##
...P.# .. ##.HH.###.#..
..## #.h### #...#
..#############..# ....
.................# ..
.################# ##


You could see Kirke, 2 harpies and 2 hogs.

Vanquished Creatures
  Josephine (Lair:5)
  4 hydras
  A catoblepas (Lair:2)
  An alligator (Lair:2)
  Urug (Lair:5)
  Nergalle (Lair:2)
  4 elephants (Lair:4)
  2 spiny frogs
  3 rime drakes
  6 komodo dragons
  2 tyrant leeches (Lair:2)
  13 blink frogs
  The ghost of zkyp the Slasher, an amateur HuGl (D:3)
  4 redbacks (Lair:2)
  5 wraiths (Lair:5)
  18 yaks
  Sigmund (D:2)
  A hungry ghost (D:7)
  2 basilisks
  6 hippogriffs
  A steam dragon (D:8)
  2 swamp worms (Lair:2)
  5 water moccasins
  An orc warrior (D:8)
  11 porcupines
  3 ice beasts
  A sky beast (D:6)
  2 phantoms
  3 ogres
  3 centaurs
  8 crocodiles
  Blork the orc (D:4)
  A gnoll sergeant (D:8)
  11 bullfrogs
  A scorpion (D:4)
  A jelly (D:7)
  2 water moccasin skeletons
  7 wights
  2 bullfrog zombies (D:8)
  A crimson imp (D:8)
  3 quasits
  3 hounds
  3 orc priests
  5 orc wizards
  A bullfrog skeleton (D:4)
  6 iguanas
  5 worker ants
  6 hell rats (Lair:3)
  A hound zombie (D:6)
  5 gnolls (D:8)
  11 adders
  65 river rats
  2 shadow imps
  2 oozes
  An adder zombie (D:5)
  An adder skeleton (D:4)
  A worm (D:2)
  5 dart slugs
  7 leopard geckos
  22 orcs
  3 giant cockroaches
  7 goblins
  5 hobgoblins
  19 jackals
  5 kobolds
  6 quokkas
  A ball python (D:1)
  4 bats
  3 frilled lizards
  A jackal zombie (D:8)
  A quokka skeleton (D:4)
  5 rats
  A plant (D:8)
360 creatures vanquished.

Vanquished Creatures (others)
  An orc wizard (D:3)
  7 fungi
  A plant (Lair:5)
9 creatures vanquished.

Grand Total: 369 creatures vanquished

Notes
Turn   | Place    | Note
-------+----------+-------------------------------------------
     0 | D:1      | dvd the Octopode Venom Mage began the quest for the Orb.
     0 | D:1      | Reached XP level 1. HP: 11/11 MP: 3/3
   111 | D:1      | Reached skill level 5 in Poison Magic
   282 | D:1      | Reached XP level 2. HP: 16/17 MP: 3/5
  1050 | D:2      | Reached XP level 3. HP: 21/21 MP: 0/6
  1413 | D:2      | Found a shattered altar of Ashenzari.
  1664 | D:2      | Noticed Sigmund
  2082 | D:3      | Reached XP level 4. HP: 26/27 MP: 7/7
  2091 | D:3      | Noticed zkyp's ghost (amateur HuGl)
  2095 | D:3      | Reached skill level 1 in Axes
  2095 | D:3      | Reached skill level 1 in Conjurations
  2589 | D:2      | Learned a level 4 spell: Olgreb's Toxic Radiance
  2608 | D:2      | Reached XP level 5. HP: 32/32 MP: 8/8
  2632 | D:2      | Killed Sigmund
  2632 | D:2      | Reached skill level 6 in Poison Magic
  2632 | D:2      | Reached XP level 6. HP: 27/37 MP: 3/11
  3758 | D:4      | Reached XP level 7. HP: 42/42 MP: 11/12
  3940 | D:4      | Reached skill level 1 in Fighting
  3940 | D:4      | Reached skill level 7 in Poison Magic
  4109 | D:4      | Noticed Blork the orc
  4123 | D:4      | Killed Blork the orc
  4637 | D:5      | Entered Level 5 of the Dungeon
  4641 | D:5      | Learned a level 2 spell: Corpse Rot
  4749 | D:5      | Reached XP level 8. HP: 20/48 MP: 14/15
  5403 | D:5      | Reached skill level 8 in Poison Magic
  5598 | D:5      | Reached skill level 5 in Spellcasting
  5824 | D:5      | Reached skill level 1 in Polearms
  6240 | D:6      | Reached skill level 5 in Stealth
  6423 | D:6      | Reached skill level 1 in Maces & Flails
  6423 | D:6      | Reached skill level 1 in Evocations
  6559 | D:6      | Reached skill level 1 in Necromancy
  6567 | D:6      | Learned a level 5 spell: Venom Bolt
  6699 | D:6      | Learned a level 2 spell: Repel Missiles
  6944 | D:6      | Reached XP level 9. HP: 54/54 MP: 17/17
  7017 | D:7      | Found a staircase to the Ecumenical Temple.
  7023 | Temple   | Entered the Ecumenical Temple
  7090 | Temple   | Became a worshipper of Vehumet
  7594 | D:7      | Learned a level 5 spell: Dispel Undead
  7676 | D:7      | Reached skill level 9 in Poison Magic
  8490 | D:3      | Killed zkyp's ghost
  9107 | D:8      | Reached * piety under Vehumet
  9107 | D:8      | Offered knowledge of Magic Dart by Vehumet.
  9242 | D:8      | Reached XP level 10. HP: 61/61 MP: 20/20
  9453 | D:8      | Found a staircase to the Lair.
 10107 | Lair:1   | Entered Level 1 of the Lair of Beasts
 10406 | Lair:1   | Offered knowledge of Throw Frost by Vehumet.
 10411 | Lair:1   | Reached skill level 5 in Necromancy
 10472 | Lair:1   | Reached ** piety under Vehumet
 10683 | Lair:1   | Reached skill level 10 in Poison Magic
 10863 | Lair:1   | Learned a level 5 spell: Bolt of Draining
 11246 | Lair:2   | Reached XP level 11. HP: 66/66 MP: 23/23
 11305 | Lair:2   | Found a hole to the Spider Nest.
 11458 | Lair:2   | Noticed Nergalle
 11464 | Lair:2   | Noticed a five-headed hydra
 11466 | Lair:2   | Offered knowledge of Searing Ray by Vehumet.
 11472 | Lair:2   | Killed Nergalle
 11694 | Lair:2   | Got a crude great sword
 11696 | Lair:2   | Identified the cursed +3 great sword of dvd's Slow Death {speed, rElec rF+} (You found it on level 2 of the Lair of Beasts)
 11770 | Lair:2   | Reached *** piety under Vehumet
 11863 | Lair:2   | Learned a level 5 spell: Lightning Bolt
 11921 | Lair:2   | Noticed a catoblepas
 11934 | Lair:2   | Killed a catoblepas
 11934 | Lair:2   | Reached skill level 1 in Long Blades
 11942 | Lair:2   | Reached skill level 11 in Poison Magic
 12276 | Lair:2   | Reached skill level 10 in Spellcasting
 12326 | Lair:2   | Offered knowledge of Dazzling Spray by Vehumet.
 12422 | Lair:2   | Killed a five-headed hydra
 12568 | Lair:2   | Reached skill level 1 in Air Magic
 12831 | Lair:2   | Noticed an alligator
 12842 | Lair:2   | Killed an alligator
 12842 | Lair:2   | Reached XP level 12. HP: 59/74 MP: 12/26
 12853 | Lair:2   | Found a staircase to the Swamp.
 13194 | Lair:3   | Reached **** piety under Vehumet
 13532 | Lair:3   | Offered knowledge of Bolt of Magma by Vehumet.
 13536 | Lair:3   | Reached skill level 5 in Conjurations
 13669 | Lair:3   | Reached skill level 12 in Poison Magic
 14109 | Lair:3   | Noticed a four-headed hydra
 14115 | Lair:3   | Killed a four-headed hydra
 14341 | Lair:3   | Noticed a five-headed hydra
 14344 | Lair:3   | Killed a five-headed hydra
 15069 | Lair:4   | Found a frozen archway.
 15250 | IceCv    | Entered an ice cave
 15285 | Lair:4   | Reached ***** piety under Vehumet
 15531 | Lair:4   | Reached skill level 13 in Poison Magic
 16019 | Lair:4   | Reached XP level 13. HP: 79/79 MP: 29/29
 16186 | Lair:4   | Offered knowledge of Orb of Destruction by Vehumet.
 16200 | Lair:4   | Learned a level 7 spell: Orb of Destruction
 16264 | Lair:5   | Noticed Josephine
 16399 | Lair:5   | Killed Josephine
 16448 | Lair:5   | Noticed Urug
 16687 | Lair:5   | Killed Urug
 16754 | Lair:5   | Noticed Kirke
 16767 | Lair:5   | HP: 3/79 [harpy[Kirke] (19)]
 16767 | Lair:5   | Slain by a harpy

Vault maps used:
D:1:      dpeg_arrival_water_temple_mockup
D:2:      minmay_misc_feat_iff, evilmike_ruin_ashenzari, uniq_sigmund
D:3:      guppyfry_early_orc_mine
D:4:      uniq_blork_the_orc
D:5:      first_bread
D:8:      david_lair_shrubbed
Temple:   regret_index_temple_sigil_plot
Lair:1:   lemuel_fruit_fields
Lair:2:   minmay_swamp_entry_worms, spider_nest_entry_webs, beast_lair_carwin_6,
          grunt_megastairs_1, serial_bayou_shore_b, serial_bayou_shore_a,
          uniq_nergalle
Lair:4:   portal_ice_cave_rime
Lair:5:   dpeg_slime_entry_enclosed_altar, st_stairs_6, uniq_josephine,
          uniq_kirke, uniq_urug
IceCv:    ice_cave_statue_garden_teleport

Skill      XL: |  1  2  3  4  5  6  7  8  9 10 11 12 |
---------------+-------------------------------------+-----
Poison Magic   | 5 6 7 8 9 10 11 13 | 13.2
Stealth        | 3 4 5 6 |  6.8
Axes           | 1 2 |  2.2
Conjurations   | 1 2 3 4 5 |  5.7
Spellcasting   | 3 4 5 6 8 10 12 | 12.4
Fighting       | 1 2 3 4 |  4.0
Polearms       | 1 |  1.3
Dodging        | 3 4 |  4.2
Maces & Flails | 1 3 4 |  4.2
Evocations     | 1 2 |  2.1
Necromancy     | 1 3 6 |  6.9
Long Blades    | 2 3 |  3.4
Air Magic      | 1 |  1.3
Short Blades   | |  0.2
Unarmed Combat | |  0.4
Charms         | |  0.2

Action                   |  1- 3 |  4- 6 |  7- 9 | 10-12 | 13-15 || total
-------------------------+-------+-------+-------+-------+-------++-------
Melee: Unarmed           |     7 |       |       |       |       ||     7
       Constrict         |     6 |     6 |    17 |    19 |     1 ||    49
       Tentacles         |     1 |     1 |    25 |    13 |     1 ||    41
       War axe           |    13 |    13 |       |       |       ||    26
       Mace              |     1 |       |       |       |       ||     1
       Hand axe          |       |    11 |    18 |     9 |       ||    38
       Trident           |       |       |    23 |       |       ||    23
       Flail             |       |       |    93 |    32 |       ||   125
       Short sword       |       |       |     7 |       |       ||     7
       Great sword       |       |       |       |    79 |     7 ||    86
 Cast: Sting             |    59 |    33 |    46 |    34 |       ||   172
       Olgreb's Toxic Ra |       |    13 |    38 |   113 |     7 ||   171
       Corpse Rot        |       |       |     1 |     9 |       ||    10
       Venom Bolt        |       |       |    10 |    38 |     8 ||    56
       Repel Missiles    |       |       |     2 |       |       ||     2
       Dispel Undead     |       |       |     7 |     7 |     9 ||    23
       Bolt of Draining  |       |       |       |    36 |     3 ||    39
       Lightning Bolt    |       |       |       |    10 |     2 ||    12
Evoke: Wand              |       |       |     9 |       |     7 ||    16
  Use: Potion            |     2 |       |    13 |       |     1 ||    16
       Scroll            |       |     2 |    13 |     8 |     1 ||    24
 Stab: Sleeping          |     2 |     1 |     7 |     2 |       ||    12
       Paralysed         |       |       |     8 |       |       ||     8
  Eat: Chunk             |     3 |     7 |    25 |    25 |       ||    60
       Beef jerky        |       |     1 |     2 |       |       ||     3
       Royal jelly       |       |       |       |     1 |       ||     1
       Pizza             |       |       |       |     1 |     1 ||     2
       Bread ration      |       |       |       |     1 |     1 ||     2
       Fruit             |       |       |       |       |     1 ||     1
Armor: Skin              |     6 |     3 |     8 |    14 |       ||    31
Dodge: Dodged            |    28 |    15 |   117 |    83 |    12 ||   255
       Deflected         |       |       |     1 |     1 |       ||     2
